 Dungeon Crawl Stone Soup version 0.30-a0-23-ge60ba3568b (webtiles) character file.

Game seed: 16108555638441970846

4952 Sobieck the Basher (level 10, -9/110 HPs)
             Began as an Ogre Berserker on Aug 24, 2022.
             Was a Priest of Trog.
             Mangled by a boulder beetle (15 damage)
             ... on level 8 of the Dungeon.
             The game lasted 00:15:30 (8057 turns).

Sobieck the Basher (Ogre Berserker)                 Turns: 8057, Time: 00:15:31

Health: -9/110     AC: 10    Str: 33    XL:     10   Next: 53%
Magic:  0/10       EV: 10    Int:  8    God:    Trog [***...]
Gold:   330        SH:  0    Dex:  8    Spells: 9/9 levels left

rFire   . . .      SeeInvis +    V - +8 mace of Tonwoc {flame, Fragile Will+++ SInv, mace}
rCold   . . .      Faith    .    (no shield)
rNeg    . . .      Spirit   +    Q - +0 steam dragon scales
rPois   .          Reflect  .    (helmet restricted)
rElec   .          Harm     .    (no cloak)
rCorr   .          Rampage  .    (gloves unavailable)
Will    ++++.                    (boots unavailable)
Stlth   +.........               E - amulet of guardian spirit
HPRegen 0.28/turn                m - +4 ring of protection
MPRegen 0.12/turn                D - +6 ring of strength

@: on berserk cooldown, slowed, very slow
A: large, unfitting armour, tough skin 1
a: Renounce Religion, Berserk, Trog's Hand


You were on level 8 of the Dungeon.
You worshipped Trog.
Trog was most pleased with you.
You visited 1 branch of the dungeon, and saw 8 of its levels.

You collected 462 gold pieces.
You spent 132 gold pieces at shops.


Innate Abilities, Weirdness & Mutations

You are too large for most types of armour.
You have tough skin. (AC +1)


   Skills:
 + Level 10.1 Fighting
 + Level 12.6 Maces & Flails
 - Level 2.6 Dodging


You had 9 spell levels left.
You didn't know any spells.
Your spell library contained the following spells:

 Spells                   Type           Power      Damage    Failure   Level
 Olgreb's Toxic Radiance  Pois           0%         N/A       99%         4
 Malign Gateway           Summ/Tloc      0%         N/A       100%        7
 Ozocubu's Refrigeration  Ice            0%         4d7       100%        7
 Ignition                 Fire           0%         3d3       100%        8
 Summon Horrible Things   Summ           0%         N/A       100%        8

Inventory:

Hand Weapons
 a - a +5 flail of protection {mace}
   (You took it off Terence on level 2 of the Dungeon)
 o - a +0 mace {mace}
 F - a +3 giant spiked club of freezing {mace}
   (You took it off an ogre on level 5 of the Dungeon)
 V - the +8 mace of Tonwoc (weapon) {flame, Fragile Will+++ SInv, mace}
   (You found it on level 7 of the Dungeon)

   It burns those it strikes, dealing additional fire damage.
   SInv:      It lets you see invisible.
   Fragile:   It will be destroyed if unequipped.
   Will:      It greatly increases your willpower.
Missiles
 e - 88 stones (quivered) {throwing}
 g - 2 throwing nets {=f!fthrowing}
 y - 8 poisoned darts {throwing}
 I - a boomerang {throwing}
 X - 3 curare-tipped darts {=fthrowing}
Armour
 b - a +0 animal skin
 d - a +0 robe
   (You found it on level 6 of the Dungeon)
 h - a +0 robe
   (You took it off Pikel on level 6 of the Dungeon)
 q - a scarf of shadows
   (You found it on level 2 of the Dungeon)
 v - a +0 robe
   (You took it off Sigmund on level 5 of the Dungeon)
 N - a +0 robe
   (You took it off an orc wizard on level 7 of the Dungeon)
 O - a +0 robe
   (You took it off an orc wizard on level 7 of the Dungeon)
 P - a +0 robe
   (You took it off an orc wizard on level 7 of the Dungeon)
 Q - +0 steam dragon scales (worn)
   (You found it on level 7 of the Dungeon)
 S - a +0 robe
   (You took it off an orc wizard on level 7 of the Dungeon)
 Y - a +0 robe
   (You found it on level 8 of the Dungeon)
Jewellery
 m - a +4 ring of protection (left hand)
   (You found it on level 1 of the Dungeon)
 t - a ring of resist corrosion
   (You found it on level 2 of the Dungeon)
 z - a ring of see invisible
   (You found it on level 3 of the Dungeon)
 C - a ring of willpower
   (You found it on level 4 of the Dungeon)
 D - a +6 ring of strength (right hand)
   (You found it on level 4 of the Dungeon)
 E - an amulet of guardian spirit (around neck)
   (You found it on level 4 of the Dungeon)
 G - a ring of positive energy
   (You found it on level 6 of the Dungeon)
 R - a +6 ring of strength
   (You took it off an orc on level 7 of the Dungeon)
Wands
 n - a wand of paralysis (22)
   (You found it on level 2 of the Dungeon)
 H - a wand of light (9)
   (You found it on level 6 of the Dungeon)
 K - a wand of iceblast (1)
   (You found it on level 6 of the Dungeon)
 M - a wand of polymorph (10)
   (You found it on level 7 of the Dungeon)
Scrolls
 c - 3 scrolls of poison {!r}
 f - 3 scrolls of fear
 i - 3 scrolls of magic mapping {!r}
 j - a scroll of blinking {!r}
 B - 2 scrolls of fog
 J - a scroll of vulnerability {!r!r}
 T - 2 scrolls of teleportation {@r4}
 W - a scroll of identify {@r1}
Potions
 k - a potion of berserk rage {!q}
 l - 3 potions of lignification {!q}
 p - 4 potions of ambrosia
 r - 11 potions of curing {@q1}
 s - 3 potions of might
 u - a potion of haste {@q3}
 w - a potion of mutation {!q}
 x - a potion of attraction {!q}
 A - a potion of brilliance
 L - 2 potions of heal wounds {@q2}
 U - a potion of cancellation {unknown}
 Z - a potion of resistance {unknown}

Dungeon Overview and Level Annotations

Branches:
Dungeon (8/15) Zot: 26328  Temple (0/1) D:7
   Lair: D:8-11

Altars:
Cheibriados
Hepliaklqana
Qazlal
The Shining One

Shops:
D:3 [[:(   D:4 ::::=   D:5 !

Annotations:
D:5 1 runed translucent door, Crazy Yiuf
D:6 3 runed translucent doors, rumses's ghost, amateur HOFi

#.........#
##........
#######'###
........ #.#
#.########...
#............
#.###########
#.# #.# #@#
#B# #.# #..
#.# ###


You could see a boulder beetle.


Message History

You are no longer poisoned.
The gnoll misses you. x2
You hit the gnoll. You burn the gnoll. The gnoll barely misses you.
You hit the gnoll. You burn the gnoll. The gnoll hits you with a +0 flail.
You hit the gnoll. You burn the gnoll.
You kill the gnoll!
Trog accepts your kill.
Unknown command.
Unknown command.
You feel yourself speed up.
A sky beast comes into view.
Danger!
Your movement speed is average.
Your attack delay is about 0.7.
Your base attributes are Str 27, Int 8, Dex 8.
Unknown command.
The sky beast flickers out of sight for a moment.
The sky beast hits you but does no damage.
Danger!
You sock the sky beast! You burn the sky beast.
The sky beast closely misses you.
You sock the sky beast! You burn the sky beast.
You kill the sky beast!
Trog accepts your kill.
You see here a sky beast corpse.
Unknown command.
X - 3 curare-tipped darts {=fthrowing} You see here a +0 spear {polearm}.
Unknown command.
L - 2 potions of heal wounds {@q2} (gained 1)
Y - a +0 robe
Found a stone staircase leading up.
Unknown command.
Z - a sedimented amethyst potion Unknown command.
You now have 330 gold pieces (gained 14).
Found a stone staircase leading down.
You see here a +0 short sword {short}.
You open the door.
There is an open door here.
You open the door. You open the door.
There is an open door here.
A boulder beetle comes into view.
The boulder beetle leaps!
Danger!
You hit the boulder beetle but do no damage.
The boulder beetle bites you but does no damage.
You hit the boulder beetle but do no damage.
You sock the boulder beetle! You burn the boulder beetle.
The boulder beetle closely misses you.
You hit the boulder beetle. You burn the boulder beetle.
The boulder beetle bites you.
You hit the boulder beetle but do no damage.
The boulder beetle bites you!!
You hit the boulder beetle but do no damage.
The boulder beetle bites you but does no damage.
You hit the boulder beetle. You burn the boulder beetle.
Unknown command.
You hit the boulder beetle. You burn the boulder beetle.
The boulder beetle leaps!
Unknown command.
The boulder beetle waves its antennae.
The boulder beetle leaps!
Unknown command.
You start resting.
Danger!
The boulder beetle misses you.
Unknown command.
You hit the boulder beetle but do no damage.
The boulder beetle bites you!!
You completely miss the boulder beetle. The boulder beetle bites you!!
* * * LOW HITPOINT WARNING * * *
Unknown command.
You hit the boulder beetle. You burn the boulder beetle.
The boulder beetle barely misses you.
You hit the boulder beetle but do no damage.
You bludgeon the boulder beetle!! You burn the boulder beetle.
The boulder beetle bites you!
* * * LOW HITPOINT WARNING * * *
Unknown command.
Okay, then.
Unknown command.
A red film seems to cover your vision as you go berserk!
You feel yourself moving faster!
You feel mighty! The boulder beetle bites you!!
* * * LOW HITPOINT WARNING * * *
Unknown command.
You sock the boulder beetle! You burn the boulder beetle.
The boulder beetle leaps!
Unknown command.
You feel a strong urge to attack something.
The boulder beetle curls into a ball and begins rolling!
You feel your anger nearly subside.
You are no longer berserk.
You are exhausted.
You feel yourself slow down. The boulder beetle hits you!!
* * * LOW HITPOINT WARNING * * *
The boulder beetle stops rolling and uncurls.
The boulder beetle bites you!
You die...

Skill      XL: |  1  2  3  4  5  6  7  8  9 10 |
---------------+-------------------------------+-----
Maces & Flails | 3 4 5 7 8 10 11 12 | 12.6
Fighting       | 8 10 | 10.1
Dodging        | |  2.6

Action                   |  1- 3 |  4- 6 |  7- 9 | 10-12 || total
-------------------------+-------+-------+-------+-------++-------
Melee: Mace              |    65 |       |       |    57 ||   122
       Punch             |     1 |       |     1 |     1 ||     3
       Flail             |     3 |    85 |   227 |    59 ||   374
       Giant spiked club |       |       |       |     3 ||     3
Throw: Dart              |       |     2 |     3 |       ||     5
       Stone             |       |       |     2 |       ||     2
Invok: Berserk           |     1 |     1 |     3 |     1 ||     6
       Trog's Hand       |     1 |       |       |       ||     1
  Use: Scroll            |       |    13 |     9 |     3 ||    25
Armor: Animal skin       |    23 |    21 |   108 |    11 ||   163
       Steam dragon scal |       |       |       |    21 ||    21
Dodge: Dodged            |    33 |    43 |   111 |    42 ||   229

Levels and vault maps discovered:
D:1:      ebering_trefoil_twist, layout_rooms, chequers_ecumenical_altar_twisty
D:2:      layout_loops_corners, roderic_cross_of_infinity, corexii_corridor_pit,
          uniq_natasha, uniq_terence
D:3:      layout_rooms, serial_shops, shop, nicolae_shop_behind_doors,
          shop_fountains, shop_coins, minmay_misc_feat_tower
D:4:      layout_basic, serial_shops, nicolae_take_the_stairs, shop,
          nicolae_shop_crystal, nicolae_shop_hallway_plus,
          nicolae_lakefront_shop, supply_closet_lemuel
D:5:      layout_loops_ring, cheibriados_altar_2, serial_shops, shop,
          chequers_garden, minivault_23, chequers_serial_rivers_micro_a,
          lexackson_kobold_supper, uniq_sigmund, uniq_grinder,
          uniq_crazy_yiuf_cottage, uniq_eustachio
D:6:      layout_rooms, mainiacjoe_overflow_chevrons, gammafunk_ghost_split,
          minmay_diced_spiral, uniq_pikel
D:7:      layout_basic, mainiacjoe_overflow_two_lobes,
          minmay_temple_entry_large_hall
D:8:      layout_basic, general_overflow_altar, minmay_strange_pillars

Notes
Turn   | Place    | Note
-------+----------+-------------------------------------------
     0 | D:1      | Sobieck the Ogre Berserker began the quest for the Orb.
     0 | D:1      | Reached XP level 1. HP: 24/24 MP: 1/1
    55 | D:1      | Reached skill level 3 in Maces & Flails
   106 | D:1      | Reached XP level 2. HP: 27/32 MP: 2/2
   406 | D:1      | Found a faded altar of an unknown god.
   499 | D:1      | Reached ** piety under Trog
   500 | D:1      | Reached XP level 3. HP: 36/39 MP: 3/3
   831 | D:2      | Noticed Terence
   842 | D:2      | Killed Terence
   843 | D:2      | Reached skill level 4 in Maces & Flails
   928 | D:2      | Reached XP level 4. HP: 48/48 MP: 4/4
  1366 | D:2      | Noticed Natasha
  1371 | D:2      | Killed Natasha
  1377 | D:2      | You add the spells Malign Gateway and Summon Horrible
                  | Things to your library.
  1583 | D:3      | Found Utat's Weapon Shoppe.
  1603 | D:3      | Found Zavut's Book Boutique.
  1608 | D:3      | Reached skill level 5 in Maces & Flails
  1702 | D:3      | Found Sufuseti's Armour Shoppe.
  1758 | D:3      | Found Enooh's Antique Armour Emporium.
  1789 | D:3      | Reached XP level 5. HP: 54/54 MP: 5/5
  2334 | D:4      | Found Luc Dyoc's Book Emporium.
  2461 | D:4      | Found Toajoi Vuha's Book Emporium.
  2463 | D:4      | Found Nazxawir's Jewellery Emporium.
  2564 | D:4      | Found Zauviajiuss's Book Shoppe.
  2666 | D:4      | Found Vorecu's Book Boutique.
  2675 | D:4      | Reached XP level 6. HP: 59/62 MP: 6/6
  2882 | D:4      | Reached skill level 6 in Maces & Flails
  2918 | D:5      | Entered Level 5 of the Dungeon
  3167 | D:5      | Noticed Eustachio
  3185 | D:5      | Killed Eustachio
  3186 | D:5      | Reached skill level 7 in Maces & Flails
  3186 | D:5      | Reached XP level 7. HP: 37/70 MP: 4/7
  3465 | D:5      | Noticed a torpor snail
  3467 | D:5      | Found a snail-covered altar of Cheibriados.
  3468 | D:5      | Noticed a torpor snail
  3468 | D:5      | Noticed a torpor snail
  3558 | D:5      | Noticed Grinder
  3571 | D:5      | Killed Grinder
  3572 | D:5      | Reached skill level 8 in Maces & Flails
  3572 | D:5      | Reached XP level 8. HP: 63/78 MP: 3/8
  3936 | D:4      | Reached skill level 9 in Maces & Flails
  4102 | D:5      | Found Hoisot's Distillery.
  4109 | D:5      | Bought a potion of lignification for 36 gold pieces
  4109 | D:5      | Bought 2 potions of might for 96 gold pieces
  4173 | D:5      | Noticed Sigmund
  4183 | D:5      | Killed Sigmund
  4319 | D:5      | Reached skill level 10 in Maces & Flails
  4381 | D:5      | Found a runed translucent door.
  4382 | D:5      | Noticed Crazy Yiuf
  4647 | D:6      | Found a runed translucent gate.
  4647 | D:6      | Found a runed translucent gate.
  4647 | D:6      | Found a runed translucent gate.
  4679 | D:6      | Noticed rumses's ghost (amateur HOFi)
  4835 | D:6      | Reached XP level 9. HP: 74/84 MP: 9/9
  5227 | D:6      | Reached skill level 11 in Maces & Flails
  5329 | D:6      | You add the spells Olgreb's Toxic Radiance, Ozocubu's
                  | Refrigeration and Ignition to your library.
  5351 | D:6      | Noticed Pikel
  5352 | D:6      | Reached skill level 5 in Fighting
  5373 | D:6      | Killed Pikel
  5374 | D:6      | Reached skill level 6 in Fighting
  5613 | D:6      | Found a hazy altar of Hepliaklqana.
  5924 | D:7      | Reached skill level 7 in Fighting
  6010 | D:7      | Found a staircase to the Ecumenical Temple.
  6025 | D:7      | Reached *** piety under Trog
  6157 | D:7      | Reached skill level 8 in Fighting
  6157 | D:7      | Reached XP level 10. HP: 104/104 MP: 10/10
  6188 | D:7      | Reached skill level 12 in Maces & Flails
  6218 | D:7      | Reached skill level 9 in Fighting
  6218 | D:7      | HP: 26/107 [yak (9)]
  6222 | D:7      | HP: 12/107 [yak (8)]
  7070 | D:7      | Identified the +8 mace of Tonwoc {flame, Fragile Will+++
                  | SInv}
  7268 | D:7      | Found a glowing golden altar of the Shining One.
  7299 | D:7      | Found a stormy altar of Qazlal.
  7634 | D:8      | Reached skill level 10 in Fighting
  8021 | D:8      | Noticed a boulder beetle
  8057 | D:8      | HP: 6/110 [boulder beetle (28)]
  8057 | D:8      | Mangled by a boulder beetle

Vanquished Creatures
  Pikel (D:6)
  Grinder (D:5)
  Sigmund (D:5)
  5 yaks (D:7)
  2 steam dragons (D:7)
  Eustachio (D:5)
  A water moccasin (D:5)
  An orc warrior (D:7)
  A black bear (D:7)
  5 ice beasts
  A sky beast (D:8)
  3 ogres
  A centaur (D:6)
  A kobold brigand (D:5)
  6 bullfrogs
  A necrophage (D:5)
  2 scorpions
  A gnoll sergeant (D:8)
  5 killer bees (D:8)
  5 howler monkeys
  4 hounds
  5 orc priests
  Natasha (D:2)
  Terence (D:2)
  2 iguanas
  4 orc wizards (D:7)
  10 gnolls
  7 adders
  A shadow imp (D:5)
  A worm (D:4)
  3 dart slugs
  18 orcs
  7 ball pythons
  2 bats
  7 endoplasms
  4 giant cockroaches
  4 goblins
  4 hobgoblins
  3 jackals (D:3)
  6 kobolds
  2 quokkas
  5 frilled lizards
  8 rats
154 creatures vanquished.

Vanquished Creatures (others)
  16 plants (D:5)
16 creatures vanquished.

Grand Total: 170 creatures vanquished

Table legend:
 A = Non-vault XP
 B = Vault XP
 C = Vault XP percentage of total XP
 D = Non-vault monster count
 E = Vault monster count
 F = Vault count percentage of total count
                 A         B        C        D         E       F
            +---------+---------+-------+---------+---------+-------
      Total |    5072 |    2003 |  28.3 |     134 |      20 |  13.0
            +---------+---------+-------+---------+---------+-------
        D:1 |      37 |       0 |   0.0 |      23 |       0 |   0.0
        D:2 |      47 |      73 |  60.8 |      13 |       2 |  13.3
        D:3 |      65 |       0 |   0.0 |      12 |       0 |   0.0
        D:4 |     158 |       0 |   0.0 |      11 |       0 |   0.0
        D:5 |    1115 |     814 |  42.2 |      22 |      11 |  33.3
        D:6 |     404 |    1116 |  73.4 |      10 |       7 |  41.2
        D:7 |    2478 |       0 |   0.0 |      29 |       0 |   0.0
        D:8 |     768 |       0 |   0.0 |      14 |       0 |   0.0
            +---------+---------+-------+---------+---------+-------

Illustrated notes

Table legend:
 A = Kills in this place as a percentage of kills in entire the game.
 B = Kills by you in this place as a percentage of kills by you in the entire game.
 C = Kills by friends in this place as a percentage of kills by friends in the entire game.
 D = Other kills in this place as a percentage of other kills in the entire game.
 E = Experience gained in this place as a percentage of experience gained in the entire game.
 F = Experience gained in this place divided by the number of levels of this place that you have seen.
                   A       B       C       D       E      F
               +-------+-------+-------+-------+-------+----------------------
         Total | 100.0 | 100.0 |   N/A |   N/A | 100.0 | 884.4
       Dungeon | 100.0 | 100.0 |   N/A |   N/A | 100.0 | 884.4
               +-------+-------+-------+-------+-------+----------------------

Table legend: (Time is in decaauts)
 A = Elapsed time spent in this place.
 B = Non-inter-level travel time spent in this place.
 C = Inter-level travel time spent in this place.
 D = Time resting spent in this place.
 E = Time spent auto-exploring this place.
 F = Levels seen in this place.
 G = Mean time per level.
                   A        B        C        D        E       F      G
               +--------+--------+--------+--------+--------+-----+--------+
         Total |   8092 |   7892 |    200 |   1137 |   5549 |   8 | 1011.5 |
       Dungeon |   8092 |   7892 |    200 |   1137 |   5549 |   8 | 1011.5 |
               +--------+--------+--------+--------+--------+-----+--------+

Top non-repeatable levels by time:
     D:5: 1754 daAuts
     D:7: 1595 daAuts
     D:4: 1005 daAuts
     D:6: 907 daAuts
     D:2: 900 daAuts
     D:1: 701 daAuts
     D:8: 670 daAuts
     D:3: 557 daAuts
